 Dungeon Crawl Stone Soup version 0.24-a0-254-gf493760 (webtiles) character file.

Game seed: 17151371508251400223

21 Geeful the Vexing (level 2, -1/19 HPs)
             Began as an Octopode Wanderer on Apr 18, 2019.
             Slain by a hobgoblin
             ... wielding a +0 club
              (4 damage)
             ... on level 1 of the Dungeon.
             The game lasted 00:02:18 (414 turns).

Geeful the Vexing (Octopode Wanderer)                Turns: 414, Time: 00:02:19

Health: -1/19      AC:  1    Str: 13    XL:     2   Next: 87%
Magic:  3/3        EV: 13    Int: 12    God:
Gold:   24         SH:  0    Dex: 11    Spells: 2/3 levels left

rFire    . . .     SeeInvis .   a - +0 hand axe
rCold    . . .     Gourm    .   (no shield)
rNeg     . . .     Faith    .   (helmet restricted)
rPois    .         Spirit   .   (no amulet)
rElec    .         Reflect  .   (no ring)
rCorr    .         Harm     .   (no ring)
MR       .....                  (no ring)
Stlth    +++.......             (no ring)
HPRegen  0.06/turn              (no ring)
MPRegen  0.08/turn              (no ring)
                                (no ring)
                                (no ring)

@: no status effects
A: almost no armour, stealthy swim, amphibious, 8 rings, constrict 8, camouflage
1, gelatinous body 1
a: no special abilities


You were on level 1 of the Dungeon.
You were not hungry.

You visited 1 branch of the dungeon, and saw 1 of its levels.

You collected 24 gold pieces.

Inventory:

Hand Weapons
 a - a +0 hand axe (weapon)
Scrolls
 f - a scroll of enchant weapon
Comestibles
 b - 4 chunks of flesh
 c - a ration


   Skills:
 + Level 2.0 Fighting
   Level 2.0 Bows
 - Level 1.0 Throwing
 + Level 1.5 Dodging
 - Level 1.3 Stealth
 - Level 1.0 Spellcasting
   Level 3.0 Hexes
   Level 1.2 Poison Magic


You had 2 spell levels left.
You knew the following spells:

 Your Spells              Type           Power        Failure   Level  Hunger
a - Magic Dart            Conj           #...         30%         1    ##.....

Your spell library contained the following spells:

 Spells                   Type           Power        Failure   Level  Hunger
 Slow                     Hex            #.......     13%         2    ###....
 Blink                    Tloc           N/A          41%         2    ###....
 Call Imp                 Summ           #.......     41%         2    ###....
 Mephitic Cloud           Conj/Pois/Air  #.......     61%         3    ####...
 Conjure Flame            Conj/Fire      #.......     65%         3    ####...


Dungeon Overview and Level Annotations

Branches:
Dungeon (1/15)

Altars:


Innate Abilities, Weirdness & Mutations

You cannot wear most types of armour.
You are very stealthy in the water. (Stealth+)
You are amphibious.
You can wear up to eight rings at the same time.
You can use your tentacles to constrict eight enemies at once.
Your skin changes colour to match your surroundings (Stealth+).
Your rubbery body absorbs attacks. (AC +1, EV +1)


Message History

You aren't carrying any potions.
As you read the scroll labeled BUCZOT ECIRR, it crumbles to dust.
It is a scroll of amnesia.
Okay, then.
The hobgoblin barely misses you.
As you read the scroll labeled LERCHU JOTINI, it crumbles to dust.
It is a scroll of identify.
f - a scroll of enchant weapon The kobold hits you with a +0 dagger.
* * * LOW HITPOINT WARNING * * *
The hobgoblin barely misses you.
You barely miss the kobold. Your grab misses the kobold.
Your squeeze misses the kobold. You closely miss the hobgoblin.
The kobold hits you with a +0 dagger.
* * * LOW HITPOINT WARNING * * *
The hobgoblin barely misses you.
You hit the kobold but do no damage. Your grab misses the kobold.
You barely miss the hobgoblin. The kobold hits you but does no damage.
The hobgoblin hits you with a +0 club.
You die...

#...# #...# #.....#....
#...###...###.....#.#..
...................#.#..
... ...........#....##.
...........#.....#.
.###...###..#.....#.
#... #...# #..#.....>.
##...###K..###.........)
......g@)...............
........................
........................
##...###..!###...#######
#... #...# #...# #..
#...# #...# !.. ......
....# ... ....... ..$#


You could see a hobgoblin and a kobold.

Vanquished Creatures
  A gnoll (D:1)
  A dart slug (D:1)
  A bat (D:1)
  A hobgoblin (D:1)
  2 frilled lizards (D:1)
  2 kobolds (D:1)
  4 rats (D:1)
12 creatures vanquished.

Notes
Turn   | Place    | Note
-------+----------+-------------------------------------------
     0 | D:1      | Geeful the Octopode Wanderer began the quest for the Orb.
     0 | D:1      | Geeful set off with the following items: a +0 hand axe, a
                  | ration; and the following spell memorised: Magic Dart; and
                  | the following spells available to memorise: Slow, Blink,
                  | Call Imp, Mephitic Cloud, Conjure Flame
     0 | D:1      | Reached XP level 1. HP: 13/13 MP: 2/2
   296 | D:1      | Reached skill level 1 in Dodging
   296 | D:1      | Reached XP level 2. HP: 18/18 MP: 3/3
   414 | D:1      | Slain by a hobgoblin

Levels and vault maps discovered:
D:1:      giann_horns, layout_basic, kennysheep_boxes

Skill      XL: |  1  2 |
---------------+-------+-----
Dodging        | 1 |  1.5
Fighting       | 2 |  2.0
Bows           | |  2.0
Throwing       | |  1.0
Stealth        | |  1.3
Spellcasting   | |  1.0
Hexes          | |  3.0
Poison Magic   | |  1.2

Action                   || total
-------------------------++-------
Melee: Hand axe          ||    26
       Constrict         ||     8
       Tentacles         ||     4
 Cast: Magic Dart        ||     2
  Use: Scroll            ||     2
 Stab: Sleeping          ||     3
Armor: Skin              ||     3
Dodge: Dodged            ||    14

Table legend:
 A = Non-vault XP
 B = Vault XP
 C = Vault XP percentage of total XP
 D = Non-vault monster count
 E = Vault monster count
 F = Vault count percentage of total count
                 A         B        C        D         E       F
            +---------+---------+-------+---------+---------+-------
      Total |      31 |       0 |   0.0 |      12 |       0 |   0.0
            +---------+---------+-------+---------+---------+-------
        D:1 |      31 |       0 |   0.0 |      12 |       0 |   0.0
            +---------+---------+-------+---------+---------+-------
